 Dungeon Crawl Stone Soup version 0.20-a0-421-gf6b327c (webtiles) character file.

32449 reiner the Demonic Aeon (level 13, -7/103 HPs)
             Began as a Demonspawn Gladiator on Dec 31, 2016.
             Was the Champion of Cheibriados.
             Mangled by a two-headed hydra (15 damage)
             ... on level 4 of the Lair of Beasts.
             The game lasted 00:39:44 (15082 turns).

reiner the Demonic Aeon (Demonspawn Gladiator)     Turns: 15082, Time: 00:39:45

Health: -7/103     AC: -3    Str: 28    XL:     13   Next: 31%
Magic:  0/24       EV: 23    Int: 39    God:    Cheibriados [******]
Gold:   724        SH:  6    Dex: 29    Spells: 11/26 levels left

rFire  + . .     SeeInvis .     z - +2 scimitar (flame)
rCold  + + .     Gourm    .     l - +4 robe of Mibymaap {+Blink Regen+ Int+6 Dex-3}
rNeg   . . .     Faith    .     (no shield)
rPois  .         Spirit   +     (helmet restricted)
rElec  .         Reflect  +     n - +2 cloak
rCorr  .         Harm     .     (no gloves)
MR     +....                    o - +2 pair of boots
Stlth  +++.......               q - +6 amulet of reflection
                                x - ring of protection from fire
                                p - ring "Pamubbio" {Wiz rC+ Int+4}

@: corroded, very slow
A: antennae 1, claws 2, hooves 1, icy blue scales 3, clever 1, deterioration 1,
magic resistance 1, spiny 1, weak 1, evolution 1, magic shield
a: Bend Time, Temporal Distortion, Slouch, Step From Time, Renounce Religion,
Evoke Blink


You were on level 4 of the Lair of Beasts.
You worshipped Cheibriados.
Cheibriados was exalted by your worship.
You were not hungry.

You visited 3 branches of the dungeon, and saw 15 of its levels.

You collected 877 gold pieces.
You spent 153 gold pieces at shops.

Inventory:

Hand Weapons
 b - the +5 morningstar "Ruimeack" {freeze, Int+5}
   (You bought it in a shop on level 8 of the Dungeon)

   It has been specially enchanted to freeze those struck by it, causing extra
   injury to most foes and up to half again as much damage against particularly
   susceptible opponents.
   It can also slow down cold-blooded creatures.
   It affects your intelligence (+5).
 z - a +2 scimitar of flaming (weapon)
Missiles
 d - 3 throwing nets (quivered)
Armour
 c - a +0 helmet
 l - the +4 robe of Mibymaap (worn) {+Blink Regen+ Int+6 Dex-3}
   (You found it on level 7 of the Dungeon)

   It affects your intelligence (+6).
   It affects your dexterity (-3).
   It lets you blink.
   It increases your rate of regeneration.
 n - a +2 cloak (worn)
 o - a +2 pair of boots (worn)
 v - a +0 chain mail
Jewellery
 p - the ring "Pamubbio" (left claw) {Wiz rC+ Int+4}
   (You took it off an orc warrior on level 7 of the Dungeon)

   [ring of wizardry]

   It improves your spell success rate.
   It affects your intelligence (+4).
   It protects you from cold.
 q - a +6 amulet of reflection (around neck)
 w - an uncursed ring of ice
 x - a ring of protection from fire (right claw)
Wands
 a - a wand of confusion (0/48)
 I - a wand of lightning (3/15)
 M - a wand of disintegration (19/24)
Scrolls
 e - 3 scrolls of magic mapping
 j - 9 scrolls of remove curse
 k - 2 scrolls of fog
 C - a scroll of amnesia
Potions
 i - a potion of brilliance
 u - a potion of flight
 A - a potion of resistance
 D - a potion of lignification
 H - 2 potions of might
 J - a potion of agility {unknown}
Books
 h - a book of Necromancy

   Spells                             Type                      Level
   a - Pain                           Necromancy                   1
   b - Animate Skeleton               Necromancy                   1
   c - Vampiric Draining              Necromancy                   3
   d - Regeneration                   Charms/Necromancy            3
   e - Animate Dead                   Necromancy                   4
   f - Control Undead                 Necromancy                   4
 m - a book of Maledictions

   Spells                             Type                      Level
   a - Corona                         Hexes                        1
   b - Ensorcelled Hibernation        Hexes/Ice                    2
   c - Confuse                        Hexes                        3
   d - Tukima's Dance                 Hexes                        3
   e - Dazzling Spray                 Conjuration/Hexes            3
 E - a book of Party Tricks

   Spells                             Type                      Level
   a - Summon Butterflies             Summoning                    1
   b - Apportation                    Translocation                1
   c - Lesser Beckoning               Translocation                3
   d - Tukima's Dance                 Hexes                        3
   e - Alistair's Intoxication        Transmutation/Poison         5
   f - Invisibility                   Hexes                        6
 K - a book of Conjurations

   Spells                             Type                      Level
   a - Magic Dart                     Conjuration                  1
   b - Searing Ray                    Conjuration                  2
   c - Dazzling Spray                 Conjuration/Hexes            3
   d - Fulminant Prism                Conjuration/Hexes            4
   e - Iskenderun's Mystic Blast      Conjuration                  4
   f - Iskenderun's Battlesphere      Conjuration/Charms           5
Comestibles
 f - 10 bread rations
 g - 16 chunks of flesh
 r - a slice of pizza
 s - 24 fruits
 t - 11 royal jellies
 B - a meat ration
 F - 4 beef jerkies


   Skills:
 + Level 10.2 Fighting
 + Level 9.6 Long Blades
 - Level 1.7 Throwing
 - Level 4.5 Armour
 + Level 9.8 Dodging
 - Level 3.4 Stealth
 + Level 7.4 Spellcasting
 + Level 6.0 Hexes
 + Level 12.0 Invocations


You had 11 spell levels left.
You knew the following spells:

 Your Spells              Type           Power        Failure   Level  Hunger
c - Confuse               Hex            ######..     1%          3    None
i - Invisibility          Hex            ######..     16%         6    #####..
t - Tukima's Dance        Hex            ######..     1%          3    None
v - Vampiric Draining     Necr           ##........   4%          3    None


Dungeon Overview and Level Annotations

Branches:
Dungeon (10/15)            Temple (1/1) D:7            Lair (4/6) D:8
 Shoals (0/4) Lair:3       Spider (0/4) Lair:3          Orc (0/2) D:10

Altars:
Ashenzari
Cheibriados
Dithmenos
Elyvilon
Fedhas
Gozag
Hepliaklqana
Kikubaaqudgha
Makhleb
Nemelex Xobeh
Okawaru
Qazlal
Ru
Sif Muna
Trog
Uskayaw
Vehumet
Xom
Yredelemnul
Zin
The Shining One
Beogh

Shops:
D:8 (

Annotations:
Lair:1 exclusion: oklob plant


Innate Abilities, Weirdness & Mutations

You have very sharp fingernails.
You are completely covered in icy blue scales. (AC +4, rC+)
You are partially covered in sharp spines.
When hurt, damage is shared between your health and your magic reserves.
You have a pair of small antennae on your head.
You have large cloven feet.
Your mind is acute. (Int +2)
Your body sometimes deteriorates upon taking damage.
You are resistant to hostile enchantments. (MR+)
You are weak. (Str -2)
You evolve.


Message History

The bullfrog is struck by your spines.
You kill the bullfrog!
Cheibriados thoroughly appreciates the change of pace.
Okay, then.
You slice one of the four-headed hydra's heads off!
The flame cauterises the wound!
You hit the three-headed hydra. You burn the three-headed hydra.
The three-headed hydra is lightly wounded.
You chop one of the three-headed hydra's heads off!
The flame cauterises the wound!
You slash the two-headed hydra! You burn the two-headed hydra.
The two-headed hydra is moderately wounded.
The two-headed hydra is struck by your spines.
The two-headed hydra bites you!!
* * * LOW HITPOINT WARNING * * *
The two-headed hydra misses you.
You hit the two-headed hydra but do no damage.
The two-headed hydra is moderately wounded.
The two-headed hydra bites you!
You die...

†.### #..$...........###
..#.####.#..#.#....#......#
.)....... ...#..#........##
..######.
#######.###.#.#..# .##
##.#...#.....##### P#
##...........## .#
.............## .#
.#...P........# (##
...>...@.....## ..#
......).Da...# .##
.......##..#..# ..# .......
...#.P# ...... .......
..P...# #.#### .....##
...P.P# ## .#.## .....# ..
#.##


You could see a two-headed hydra and a soldier ant.

Vanquished Creatures
  An entropy weaver (Lair:4)
  The ghost of Syneil the Arsonist, a journeyman DECj of Vehumet (Lair:2)
  Erica (D:7)
  4 hydras
  2 two-headed ogres (D:8)
  A queen ant (Lair:4)
  Nergalle (Lair:3)
  An unseen horror (D:10)
  Joseph (Lair:1)
  4 elephants (Lair:3)
  4 merfolk sirens (Lair:3)
  3 black mambas
  2 spiny frogs
  A rime drake (Lair:3)
  3 komodo dragons
  2 trolls (D:10)
  2 jumping spiders (Lair:3)
  A hornet (D:9)
  5 blink frogs
  6 hippogriffs
  A vampire (D:9)
  A redback (Lair:3)
  17 yaks
  A wyvern (Lair:3)
  2 basilisks
  20 soldier ants
  9 water moccasins
  10 porcupines
  5 orc warriors
  4 ice beasts
  3 sky beasts
  A phantom (D:9)
  2 necrophages (D:8)
  5 wolves (Lair:4)
  A black bear (D:8)
  The ghost of reiner the Slasher, an amateur DsGl (D:3)
  5 ogres
  A centaur (D:6)
  10 crocodiles
  A big kobold (D:9)
  12 bullfrogs
  A wyvern zombie (D:10)
  3 scorpions
  16 killer bees
  4 wights (D:9)
  10 howler monkeys
  2 electric eels (D:8)
  10 crimson imps
  2 centaur zombies (D:6)
  A bullfrog zombie (D:10)
  3 hounds
  5 jellies
  A quasit (D:8)
  10 orc priests
  5 centaur skeletons
  Crazy Yiuf (D:4)
  10 orc wizards
  2 bullfrog skeletons
  2 iguanas
  30 worker ants
  A hound zombie (D:5)
  2 hound skeletons
  A howler monkey zombie (D:5)
  15 adders
  4 gnolls (D:3)
  3 shadow imps
  An adder zombie (D:7)
  A worm (D:3)
  3 dart slugs
  6 leopard geckos
  60 orcs
  5 giant cockroaches
  4 goblins
  7 hobgoblins
  4 jackals
  5 quokkas
  2 ball pythons
  5 bats
  2 frilled lizards
  16 kobolds
  3 leopard gecko skeletons
  A leopard gecko zombie (D:7)
  2 quokka skeletons (D:4)
  A quokka zombie (D:7)
  5 rats
  A bush (D:4)
436 creatures vanquished.

Vanquished Creatures (others)
  A killer bee (D:8)
  An orc (D:8)
  48 fungi
  20 plants
70 creatures vanquished.

Grand Total: 506 creatures vanquished

Notes
Turn   | Place    | Note
-------+----------+-------------------------------------------
     0 | D:1      | reiner the Demonspawn Gladiator began the quest for the Orb.
     0 | D:1      | Reached XP level 1. HP: 16/16 MP: 1/1
   220 | D:1      | Gained mutation: You are partially covered in sharp spines. [demonic ancestry]
   220 | D:1      | Reached XP level 2. HP: 22/22 MP: 2/2
   716 | D:1      | Reached XP level 3. HP: 25/28 MP: 3/3
  1024 | D:2      | Reached skill level 1 in Stealth
  1037 | D:2      | Reached skill level 1 in Armour
  1253 | D:2      | Reached XP level 4. HP: 34/34 MP: 4/4
  1715 | D:3      | Found a faded altar of an unknown god.
  1739 | D:3      | Reached XP level 5. HP: 40/40 MP: 5/5
  1788 | D:3      | Found a deep blue altar of Sif Muna.
  1789 | D:3      | Found a shadowy altar of Dithmenos.
  1789 | D:3      | Found an opulent altar of Gozag.
  1789 | D:3      | Found a shattered altar of Ashenzari.
  1789 | D:3      | Found a glowing golden altar of the Shining One.
  1789 | D:3      | Found a sparkling altar of Nemelex Xobeh.
  1793 | D:3      | Found an ancient bone altar of Kikubaaqudgha.
  2201 | D:3      | Found a shimmering altar of Xom.
  2486 | D:3      | Noticed reiner's ghost (amateur DsGl)
  2507 | D:3      | Killed reiner's ghost
  2507 | D:3      | Gained mutation: When hurt, damage is shared between your health and your magic reserves. [demonic ancestry]
  2507 | D:3      | Reached XP level 6. HP: 30/47 MP: 6/6
  2759 | D:3      | Found a hazy altar of Hepliaklqana.
  3062 | D:4      | Found a shattered altar of Ashenzari.
  3148 | D:4      | Found a stormy altar of Qazlal.
  3634 | D:4      | Gained mutation: You have sharp fingernails. [demonic ancestry]
  3634 | D:4      | Reached XP level 7. HP: 46/53 MP: 5/7
  3976 | D:4      | Found a runed door.
  3981 | D:4      | Noticed Crazy Yiuf
  3991 | D:4      | Killed Crazy Yiuf
  4183 | D:5      | Entered Level 5 of the Dungeon
  4534 | D:5      | Found a snail-covered altar of Cheibriados.
  4661 | D:5      | Became a worshipper of Cheibriados the Contemplative
  4858 | D:5      | Reached skill level 1 in Invocations
  5195 | D:5      | Gained mutation: You are partially covered in icy blue scales. (AC +2) [demonic ancestry]
  5195 | D:5      | Reached XP level 8. HP: 59/61 MP: 9/9
  5445 | D:6      | Reached skill level 2 in Invocations
  5468 | D:6      | HP: 3/61 [orc priest/divine providence (12)]
  5865 | D:6      | Reached skill level 5 in Dodging
  5893 | D:6      | Reached * piety under Cheibriados
  6079 | D:6      | Reached skill level 5 in Long Blades
  6129 | D:6      | Reached skill level 3 in Invocations
  6291 | D:5      | Reached skill level 5 in Fighting
  6637 | D:6      | Gained mutation: You evolve. [mutagenic meat]
  6638 | D:6      | Gained mutation: You tend to lose your temper in combat. [mutagenic meat]
  6639 | D:6      | Gained mutation: You rapidly evolve. [mutagenic meat]
  6640 | D:6      | Gained mutation: You are weak. (Str -2) [mutagenic meat]
  6641 | D:6      | Gained mutation: Your mind is acute. (Int +2) [mutagenic meat]
  6642 | D:6      | Gained mutation: You have large cloven feet. [mutagenic meat]
  6739 | D:6      | Reached skill level 4 in Invocations
  7003 | D:7      | Found a staircase to the Ecumenical Temple.
  7026 | D:7      | Reached XP level 9. HP: 63/68 MP: 10/12
  7063 | D:7      | Got a silken robe
  7064 | D:7      | Identified the +4 robe of Mibymaap {+Blink Regen+ Int+6 Dex-3} (You found it on level 7 of the Dungeon)
  7187 | D:7      | Reached ** piety under Cheibriados
  7237 | D:7      | Reached skill level 1 in Spellcasting
  7380 | D:7      | Reached skill level 5 in Invocations
  7381 | D:7      | Gained mutation: You have a pair of small antennae on your head. [evolution]
  7725 | D:7      | Got a translucent bone ring
  8092 | Temple   | Entered the Ecumenical Temple
  8319 | D:8      | Noticed Erica
  8319 | D:8      | Noticed a two-headed ogre
  8431 | D:7      | Killed Erica
  8431 | D:7      | Reached skill level 6 in Invocations
  8617 | D:8      | Found a staircase to the Lair.
  8626 | D:8      | Reached XP level 10. HP: 74/77 MP: 11/14
  8744 | D:8      | Noticed a two-headed ogre
  8846 | D:8      | Reached *** piety under Cheibriados
  8941 | D:8      | Identified the ring "Pamubbio" {Wiz rC+ Int+4} (You took it off an orc warrior on level 7 of the Dungeon)
  8951 | D:8      | Learned a level 3 spell: Confuse
  9035 | D:8      | Gained mutation: You are resistant to hostile enchantments. (MR+) [evolution]
  9053 | D:8      | Killed a two-headed ogre
  9053 | D:8      | Reached skill level 7 in Invocations
  9065 | D:8      | Found an ancient bone altar of Kikubaaqudgha.
  9223 | D:8      | Killed a two-headed ogre
  9378 | D:8      | Learned a level 3 spell: Tukima's Dance
  9393 | D:9      | Reached skill level 8 in Invocations
  9493 | D:8      | Reached **** piety under Cheibriados
  9578 | D:8      | Found Faiza's Antique Weapon Boutique.
  9586 | D:8      | Bought an ichor-stained morningstar for 153 gold pieces
  9586 | D:8      | Identified the +5 morningstar "Ruimeack" {freeze, Int+5} (You bought it in a shop on level 8 of the Dungeon)
  9922 | D:9      | Gained mutation: You are mostly covered in icy blue scales. (AC +3) [demonic ancestry]
  9922 | D:9      | Reached XP level 11. HP: 77/86 MP: 13/18
  9990 | D:9      | Reached ***** piety under Cheibriados
 10090 | D:9      | Learned a level 3 spell: Vampiric Draining
 10174 | D:9      | Reached skill level 5 in Spellcasting
 10448 | D:10     | Entered Level 10 of the Dungeon
 10517 | D:10     | Found a staircase to the Orcish Mines.
 10739 | D:10     | Reached skill level 9 in Invocations
 10790 | D:10     | Found a roughly hewn altar of Beogh.
 11257 | D:10     | Lost mutation: You tend to lose your temper in combat. [evolution]
 11407 | D:10     | Killed an unseen horror
 11492 | D:9      | Reached skill level 1 in Hexes
 11518 | Lair:1   | Entered Level 1 of the Lair of Beasts
 11702 | Lair:1   | Noticed Joseph
 11707 | Lair:1   | Noticed a four-headed hydra
 11718 | Lair:1   | Killed Joseph
 11721 | Lair:1   | Killed a one-headed hydra
 11792 | Lair:1   | Reached skill level 10 in Invocations
 12006 | Lair:1   | Gained mutation: Your body sometimes deteriorates upon taking damage. [evolution]
 12006 | Lair:1   | Lost mutation: You rapidly evolve. [end of evolution]
 12160 | Lair:1   | Noticed an oklob plant
 12279 | Lair:2   | Gained mutation: You are completely covered in icy blue scales. (AC +4, rC+) [demonic ancestry]
 12279 | Lair:2   | Reached XP level 12. HP: 90/95 MP: 19/21
 12310 | Lair:2   | Noticed Syneil's ghost (journeyman DECj)
 12333 | Lair:2   | Killed Syneil's ghost
 12596 | Lair:2   | Found a hide-covered altar of Uskayaw.
 13192 | Lair:2   | Reached ****** piety under Cheibriados
 13295 | Lair:3   | Found a shimmering altar of Xom.
 13380 | Lair:3   | Noticed an eight-headed hydra
 13389 | Lair:3   | Killed a four-headed hydra
 13527 | Lair:3   | Found a hole to the Spider Nest.
 13548 | Lair:3   | Reached skill level 11 in Invocations
 13616 | Lair:3   | Noticed a four-headed hydra
 13626 | Lair:3   | Killed a one-headed hydra
 13712 | Lair:3   | Found a staircase to the Shoals.
 13816 | Lair:3   | Learned a level 6 spell: Invisibility
 13873 | Lair:3   | Noticed Nergalle
 13905 | Lair:3   | Killed Nergalle
 14108 | Lair:3   | Reached skill level 5 in Hexes
 14339 | Lair:4   | Gained mutation: You have very sharp fingernails. [demonic ancestry]
 14339 | Lair:4   | Reached XP level 13. HP: 88/103 MP: 19/23
 14383 | Lair:4   | Reached skill level 10 in Fighting
 14457 | Lair:4   | Noticed an entropy weaver
 14748 | Lair:4   | Noticed an entropy weaver
 15019 | Lair:4   | Reached skill level 12 in Invocations
 15072 | Lair:4   | HP: 1/103 [entropy weaver/club (9)]
 15075 | Lair:4   | Killed an entropy weaver
 15082 | Lair:4   | Mangled by a two-headed hydra

Vault maps used:
D:1:      matt_arrival_spirals
D:3:      lemuel_round_altar, grunt_temple_overflow_open, lemuel_doored_altar,
          chequers_ecumenical_altar_simple_redux, first_bread, serial_bayou,
          serial_bayou_pond_a, serial_bayou_ford_a, serial_bayou_shore_a,
          serial_bayou_pond_d
D:4:      overflow_temple_1_default, cheibrodos_ashenzari_chains,
          uniq_crazy_yiuf_cottage
D:5:      lemuel_coloured_pillars_altar
D:7:      minmay_blocky_corners
D:8:      cheibrodos_helix_gallery, due_lair_maze_entry_diamond, serial_shops,
          nicolae_shop_overgrown_old_shop, basic_altar, uniq_erica
D:9:      hangedman_pestilent_swarm
D:10:     orc_0_dummy, special_room
Temple:   zaba_magenta_temple
Lair:1:   minmay_lair_oklob_tunnel, st_stairs_7, beast_lair_carwin_6,
          uniq_joseph
Lair:2:   basic_altar, beast_lair_carwin_9
Lair:3:   elwin_shoals_entry_stream, spider_nest_entry_funnel_web, basic_altar,
          grunt_megastairs_5, uniq_nergalle
Lair:4:   minivault_26, zaba_anthell

Skill      XL: |  1  2  3  4  5  6  7  8  9 10 11 12 13 |
---------------+----------------------------------------+-----
Long Blades    | 3 4 5 6 7 8 9 |  9.6
Dodging        | 3 4 5 6 7 8 9 |  9.8
Stealth        | 1 2 3 |  3.4
Armour         | 1 2 3 4 |  4.5
Fighting       | 3 4 5 6 8 9 10 | 10.2
Invocations    | 1 4 6 8 10 11 12 | 12.0
Spellcasting   | 2 4 6 7 |  7.4
Hexes          | 3 5 6 |  6.0
Throwing       | |  1.7

Action                   |  1- 3 |  4- 6 |  7- 9 | 10-12 | 13-15 || total
-------------------------+-------+-------+-------+-------+-------++-------
Melee: Long sword        |    58 |   145 |   459 |       |       ||   662
       Scimitar          |       |       |    13 |   594 |   154 ||   761
 Cast: Confuse           |       |       |       |    15 |     3 ||    18
Invok: Bend Time         |       |       |     3 |     1 |     1 ||     5
       Slouch            |       |       |       |     2 |       ||     2
       Step From Time    |       |       |       |       |     1 ||     1
Evoke: Wand              |       |       |       |     9 |     4 ||    13
  Use: Potion            |     1 |     5 |     5 |     1 |     7 ||    19
       Scroll            |       |     4 |     9 |     9 |     3 ||    25
 Stab: Sleeping          |       |     1 |     2 |    11 |     2 ||    16
       Invisible         |       |       |     3 |       |       ||     3
       Confused          |       |       |       |     5 |     1 ||     6
       Distracted        |       |       |       |     2 |       ||     2
  Eat: Chunk             |     1 |     8 |     8 |    10 |     2 ||    29
       Meat ration       |       |       |     2 |       |       ||     2
       Pizza             |       |       |     1 |     1 |       ||     2
Armor: Skin              |     4 |       |       |       |     2 ||     6
       Leather armour    |    10 |    12 |       |       |       ||    22
       Scale mail        |       |    29 |    56 |       |       ||    85
       Robe              |       |       |    37 |   177 |    42 ||   256
Dodge: Dodged            |    38 |    76 |   209 |   487 |   173 ||   983
Block: Other             |     1 |    41 |   107 |   177 |    56 ||   382
       Reflection        |       |       |     1 |     2 |       ||     3
       Rpst.: Long sword |    11 |    19 |    52 |       |       ||    82
       Scimitar          |       |       |     2 |   124 |    41 ||   167
